 Dungeon Crawl Stone Soup version 0.27.1-35-g4d5d836560 (webtiles) character file.

Game seed: 5090479978111099238

2692 MalarOregon the Frost Mage (level 9, 69/69 HPs)
             Began as a Barachi Ice Elementalist on Aug 1, 2021.
             Was a Follower of Vehumet.
             Quit the game on level 7 of the Dungeon on June 9, 2022.
             The game lasted 00:18:53 (9396 turns).

MalarOregon the Frost Mage (BaIE)                   Turns: 9396, Time: 00:18:54

Health: 69/69      AC:  6    Str: 12    XL:     9   Next: 65%
Magic:  17/17      EV: 22    Int: 16    God:    Vehumet [*.....]
Gold:   192        SH:  0    Dex: 13    Spells: 12/19 levels left

rFire    . . .     SeeInvis .   x - +1 short sword (venom)
rCold    + . .     Faith    .   (no shield)
rNeg     . . .     Spirit   .   t - +1 leather armour {rC+}
rPois    .         Reflect  .   (no helmet)
rElec    .         Harm     .   (no cloak)
rCorr    .         Rampage  .   k - +0 pair of gloves
Will     .....                  (no boots)
Stlth    ++........             (no amulet)
HPRegen  0.21/turn              j - +4 ring of evasion
MPRegen  0.15/turn              r - +4 ring of evasion

@: slow
A: amphibious, slowness 1, strong legs 1, +LOS
a: Hop, Renounce Religion


You were on level 7 of the Dungeon.
You worshipped Vehumet.
Vehumet was aware of your devotion.
You visited 1 branch of the dungeon, and saw 8 of its levels.

You collected 342 gold pieces.
You spent 150 gold pieces at shops.

Inventory:

Hand Weapons
 e - a +0 vorpal dire flail
   (You took it off Edmund on level 5 of the Dungeon)
 p - a +1 long sword of protection
   (You found it on level 4 of the Dungeon)
 x - a +1 short sword of venom (weapon)
   (You took it off an orc on level 6 of the Dungeon)
 A - a +0 vorpal long sword
   (You took it off an orc warrior on level 7 of the Dungeon)
Missiles
 b - 57 sling bullets
 d - 257 stones
Armour
 k - a +0 pair of gloves (worn)
   (You found it on level 3 of the Dungeon)
 t - a +1 leather armour of cold resistance (worn)
   (You bought it in a shop on level 2 of the Dungeon)
Jewellery
 j - a +4 ring of evasion (left hand)
   (You found it on level 2 of the Dungeon)
 r - a +4 ring of evasion (right hand)
   (You found it on level 5 of the Dungeon)
 y - a ring of fire
   (You found it on level 7 of the Dungeon)
Wands
 u - a wand of polymorph (8)
   (You found it on level 6 of the Dungeon)
 v - a wand of digging (12)
   (You found it on level 6 of the Dungeon)
Scrolls
 a - 3 scrolls of teleportation {@r4}
 g - a scroll of noise {!r}
 h - 2 scrolls of immolation {!r}
 i - a scroll of fog {unknown}
 l - 2 scrolls of magic mapping
 m - a scroll of vulnerability {unknown}
 n - 2 scrolls of amnesia
 o - a scroll of torment {unknown}
 q - a scroll of fear
 w - 2 scrolls of holy word {unknown}
 z - a scroll of enchant armour {unknown}
Potions
 c - 3 potions of curing {@q1}
 f - a potion of magic
 s - a potion of haste {@q3}


   Skills:
 + Level 6.1 Fighting
 + Level 6.1 Armour
 + Level 6.0 Dodging
 - Level 1.7 Stealth
 + Level 5.7 Spellcasting
 * Level 10.1 Ice Magic


You had 12 spell levels left.
You knew the following spells:

 Your Spells              Type           Power      Damage    Failure   Level
a - Freeze                Ice            100%       1d11      1%          1
b - Frozen Ramparts       Ice            72%        1d9       1%          3
c - Ozocubu's Armour      Ice            36%        N/A       1%          3

Your spell library contained the following spells:

 Spells                   Type           Power      Damage    Failure   Level
 Searing Ray              Conj           8%         3d3       26%         2
 Hailstorm                Conj/Ice       20%        3d6       22%         4
 Gell's Gravitas          Tloc           2%         N/A       45%         3
 Teleport Other           Tloc           4%         N/A       45%         3
 Dispersal                Tloc           2%         N/A       100%        6


Dungeon Overview and Level Annotations

Branches:
Dungeon (8/15)             Temple (0/1) D:6
   Lair: D:8-11

Altars:
Makhleb
Qazlal
Ru
Sif Muna
Vehumet

Shops:
D:2 [

Annotations:
D:4 3 runed translucent doors, skk's ghost, amateur TeGl


Innate Abilities, Weirdness & Mutations

You are amphibious.
You cover ground slowly.
You can hop short distances.
You have an extended range of vision and can be seen from far away.


Message History

You hear some strange, mumbled words.
A puff of flame appears from out of thin air!
The puff of flame hits you.
* * * LOW HITPOINT WARNING * * *
You climb upwards.
Reactivating autopickup.
There is a stone staircase leading down, spattered with blood here.
Things that are here:
a +0 leather armour; a +0 dagger Unknown command.
Deactivating autopickup; reactivate with Ctrl-A.
You hit something.
The orc warrior hits you with a +0 war axe.
* * * LOW HITPOINT WARNING * * *
Something hits you but does no damage.
A stone staircase leading down, spattered with blood.
The walls around you are covered in ice.
The wall freezes the orc warrior.
You kill the orc warrior!
Vehumet accepts your kill.
You feel your power returning.
The wall freezes something.
Something hits you.
* * * LOW HITPOINT WARNING * * *
Your Dodging skill increases to level 6!
You freeze something! Vehumet accepts your kill.
Reactivating autopickup.
You feel a bit more experienced.
Unknown command.
The frozen ramparts melt away as you move.
Things that are here:
a +0 dagger; a +0 robe
There is a stone staircase leading down, spattered with blood here.
Things that are here:
a +0 leather armour; a +0 dagger
Things that are here:
a +0 war axe; a +0 plate armour; an orc corpse You start resting.
There is a stone staircase leading down, spattered with blood here.
Things that are here:
a +0 leather armour; a +0 dagger You start resting.
Unknown command.
You start resting.
Options error: Bad channel -- pray (~/.crawlrc:4443) Options error: Bad channel -- food (~/.crawlrc:4446) Options error: Bad channel -- rotten_meat (~/.crawlrc:4463) Welcome back, MalarOregon the Barachi Ice Elementalist.
Vehumet says: Let it end in hellfire!
Okay, then.

#.......#.#######.#
######
#########.........#
.....# #.......#.#
####.# #.#####.#.#
#.# #######.##
#.#.### ## #.#
#........####.#.#..
.# #.#
#.##.......##.#.#.#
.###.######
#[##.##..#.##.....#
.#........#
#.@[.....#.##.....#
.....####.#
#[)[..#..#.##......
.......##.#
#................#.
##.###.##.#
##.############....
#.###.##.# #.#
#.### #........#
###.##### ##'##
######.###
#.......# ##...##
###.# #.#.###.#
##.....# # ##.#.#
#.#.##..# ##.......


There were no monsters in sight!

Vanquished Creatures
  Prince Ribbit (D:5)
  Eustachio (D:5)
  A wyvern (D:7)
  Edmund (D:5)
  2 black bears
  2 orc warriors (D:7)
  2 ogres
  2 centaurs
  3 necrophages
  A lemure (D:6)
  2 phantoms
  2 bullfrogs
  A scorpion (D:7)
  A wyvern skeleton (D:7)
  A howler monkey (D:5)
  A centaur zombie (D:7)
  3 hounds
  A bullfrog skeleton (D:7)
  An orc priest (D:7)
  A centaur skeleton (D:7)
  2 iguanas
  8 orc wizards
  6 adders
  A white imp (D:6)
  An ufetubus (D:3)
  An adder zombie (D:5)
  4 worms
  25 orcs
  11 ball pythons
  5 endoplasms
  4 giant cockroaches
  9 goblins
  6 hobgoblins
  4 jackals (D:1)
  6 kobolds
  3 quokkas
  5 bats
  3 frilled lizards
  2 rats
136 creatures vanquished.

Notes
Turn   | Place    | Note
-------+----------+-------------------------------------------
     0 | D:1      | MalarOregon the Barachi Ice Elementalist began the quest
                  | for the Orb.
     0 | D:1      | Reached XP level 1. HP: 13/13 MP: 3/3
   188 | D:1      | Reached XP level 2. HP: 17/20 MP: 5/5
   283 | D:1      | Reached skill level 5 in Ice Magic
   337 | D:1      | Reached skill level 1 in Fighting
   337 | D:1      | Reached skill level 1 in Armour
   715 | D:1      | Reached XP level 3. HP: 23/26 MP: 1/6
   793 | D:1      | Found a faded altar of an unknown god.
  1163 | D:2      | Learned a level 3 spell: Frozen Ramparts
  1167 | D:2      | Learned a level 3 spell: Ozocubu's Armour
  1781 | D:2      | Found Upteh's Antique Armour Shoppe.
  2021 | D:2      | Found a radiant altar of Vehumet.
  2033 | D:2      | Became a worshipper of Vehumet
  2376 | D:3      | Reached XP level 4. HP: 32/32 MP: 2/8
  2445 | D:3      | Noticed a phantom
  2475 | D:3      | Killed a phantom
  2476 | D:3      | Reached XP level 5. HP: 6/38 MP: 7/9
  3543 | D:3      | Reached skill level 6 in Ice Magic
  3816 | D:3      | Reached * piety under Vehumet
  3816 | D:3      | Offered knowledge of Sandblast by Vehumet.
  3855 | D:4      | Reached XP level 6. HP: 46/46 MP: 5/10
  4062 | D:4      | Found a radiant altar of Vehumet.
  4097 | D:4      | Found a runed translucent gate.
  4097 | D:4      | Found a runed translucent gate.
  4097 | D:4      | Found a runed translucent gate.
  4105 | D:4      | Noticed skk's ghost (amateur TeGl)
  4344 | D:4      | Found a shimmering blue altar of Sif Muna.
  4591 | D:5      | Entered Level 5 of the Dungeon
  4646 | D:5      | Noticed Edmund
  4657 | D:5      | Killed Edmund
  4658 | D:5      | Reached XP level 7. HP: 38/52 MP: 5/12
  4776 | D:5      | Found a sacrificial altar of Ru.
  4986 | D:5      | Noticed Prince Ribbit
  5000 | D:5      | Killed Prince Ribbit
  5001 | D:5      | Reached skill level 7 in Ice Magic
  5554 | D:5      | Noticed Eustachio
  5566 | D:5      | Reached XP level 8. HP: 60/60 MP: 11/14
  5590 | D:5      | Killed Eustachio
  5591 | D:5      | Reached skill level 8 in Ice Magic
  5769 | D:2      | Bought a dyed leather armour for 150 gold pieces
  6563 | D:6      | Found a staircase to the Ecumenical Temple.
  6606 | D:6      | Found a stormy altar of Qazlal.
  6608 | D:6      | Noticed Grinder
  6637 | D:6      | Noticed Grinder
  6637 | D:6      | Grinder changed into Grinder the lemure
  6643 | D:6      | Killed Grinder the lemure
  7018 | D:6      | Reached skill level 5 in Armour
  7018 | D:6      | Reached skill level 5 in Dodging
  7118 | D:6      | Reached skill level 5 in Fighting
  7402 | D:7      | Reached skill level 9 in Ice Magic
  7524 | D:7      | Reached skill level 5 in Spellcasting
  7634 | D:7      | Reached XP level 9. HP: 59/68 MP: 16/16
  8327 | D:7      | Reached ** piety under Vehumet
  8327 | D:7      | Offered knowledge of Searing Ray by Vehumet.
  8489 | D:7      | Found a burning altar of Makhleb.
  8706 | D:7      | Reached skill level 10 in Ice Magic
  9396 | D:7      | Upgraded the game from 0.27.0-1-g7a089689b8 to
                  | 0.27.1-35-g4d5d836560
  9396 | D:7      | Quit the game

Illustrated notes

Levels and vault maps discovered:
D:1:      dpeg_arrival_arbitrary_c, layout_loops_ring,
          shapermc_ecumenical_altar_venn
D:2:      layout_loops_corners, serial_shops, shop, basic_altar,
          minmay_misc_feat_doors
D:3:      layout_loops_cross
D:4:      layout_cave_pools, lemuel_crystal_altar,
          mainiacjoe_overflow_small_starburst, gammafunk_ghost_necromancy,
          dk_noncrumbling_2, minmay_statues_item
D:5:      layout_loops_corners, nicolae_ru_sacrificial_ziggurat, corexii_shack,
          uniq_prince_ribbit1, uniq_eustachio, uniq_edmund
D:6:      layout_loops_ring, grunt_qazlal_clouds,
          minmay_temple_entry_gardened_gates, grunt_ministairs_2, uniq_grinder
D:7:      layout_loops_corners, lightli_temple_of_fire, minmay_fountain_box
D:8:      layout_layer_cave, nicolae_gozag_cash_rules_everything_around_me,
          special_room [special_room_kobold]

Skill      XL: |  1  2  3  4  5  6  7  8  9 |
---------------+----------------------------+-----
Ice Magic      | 5 6 7 9 10 | 10.1
Fighting       | 1 2 3 4 5 6 |  6.1
Armour         | 1 2 3 4 5 6 |  6.1
Dodging        | 3 4 5 6 |  6.0
Spellcasting   | 3 4 5 |  5.7
Stealth        | |  1.7

Action                   |  1- 3 |  4- 6 |  7- 9 || total
-------------------------+-------+-------+-------++-------
Melee: Short sword       |    51 |    27 |   176 ||   254
       Unarmed           |     1 |     7 |       ||     8
       Long sword        |       |     6 |    73 ||    79
       Dire flail        |       |       |    14 ||    14
 Cast: Freeze            |    50 |    75 |    46 ||   171
       Frozen Ramparts   |       |     2 |     4 ||     6
       Ozocubu's Armour  |       |       |     1 ||     1
Evoke: Wand              |       |       |     3 ||     3
  Use: Scroll            |     4 |       |     5 ||     9
       Potion            |       |     1 |       ||     1
 Stab: Sleeping          |       |       |     1 ||     1
Armor: Robe              |    11 |       |       ||    11
       Leather armour    |    11 |    16 |    85 ||   112
       Skin              |       |     7 |       ||     7
Dodge: Dodged            |    54 |    98 |   331 ||   483
       Rpst.: Long sword |       |     9 |    36 ||    45
